Map: [M] Nightshade

Players

SizzlinMelon

  • Race: Zerg Zerg
  • League: Diamond
  • Spawn Location: 11:00

A.I. 1 (Very Easy) - Winner!

  • Race: Terran Terran
  • Spawn Location: 5:00

VOD

Have the link to the VOD?

Description

ZvT opener vs 1-1-1

Time

  • Played on: May 12, 2020, 11:16 a.m.
  • Length: 5:14
Show
View Real Time Build Order
Export as new Build Order

SizzlinMelon Zerg 

Build Orders: Hatch First 

Get SALT Encoding   

  12  0:01  Drone  
  13  0:13  Overlord  
  13  0:16  Drone  
  14  0:31  Drone  
  14  0:32  Drone  
  17  0:35  Drone  
  17  0:52  Hatchery  
  17  0:56  Drone  
  17  0:59  Drone  
  18  1:10  Extractor  
  17  1:16  Spawning Pool  
  17  1:18  Drone  
  17  1:21  Drone  
  18  1:28  Drone  
  19  1:39  Overlord  
  19  1:49  Drone  
  20  2:02  Queen  
  20  2:04  Queen  
  20  2:05  Zergling x4  
  26  2:11  Zergling x2  
  26  2:12  Metabolic Boost  
  27  2:16  Drone  
  28  2:23  Drone  
  28  2:26  Drone  
  30  2:33  Drone  
  31  2:44  Hatchery  
  30  2:47  Overlord  
  30  2:50  Drone  
  31  2:53  Drone  
  32  3:00  Queen  
  32  3:02  Drone  
  35  3:07  Drone  
  35  3:09  Drone  
  37  3:16  Overlord  
  37  3:18  Drone x2  
  39  3:22  Drone x2  
  39  3:25  Drone  
  42  3:36  Drone  
  42  3:37  Queen x2  
  42  3:40  Overlord  
  47  3:49  Drone x2  
  47  3:51  Drone  
  47  3:53  Drone  
  51  3:56  Queen  
  53  4:04  Drone  
  53  4:05  Drone x4  
  58  4:10  Baneling Nest  
  58  4:14  Zergling x10  
  62  4:24  Overlord  
  62  4:30  Spore Crawler  
  62  4:31  Spore Crawler  
  60  4:32  Spore Crawler, Drone x5  
  60  4:33  Drone  
  65  4:39  Overlord  
  65  4:44  Drone x5  
  70  4:51  Drone x4  
  74  4:56  Overlord x2  
  74  5:06  Evolution Chamber  
  76  5:07  Evolution Chamber  
Show
View Real Time Build Order
Export as new Build Order

A.I. 1 (Very Easy) Terran - Winner!

Build Orders:  

Get SALT Encoding   

  12  0:00  SCV  
  13  0:13  SCV  
  14  0:17  Supply Depot  
  14  0:37  Refinery  
  14  0:43  Barracks  
  14  1:04  Supply Depot  
  14  1:11  Refinery  
  14  1:29  Marine, SCV  
  16  1:41  SCV  
  17  1:53  SCV  
  18  2:03  Marine  
  18  2:05  SCV  
  20  2:18  SCV  
  21  2:30  SCV  
  21  2:36  Marine  
  23  2:43  Orbital Command  
Tags
 
League
Diamond
Matchup
TvZ
Spawn Locations
Cross Positions
Add a new tag
Caveats
  • Supply blocks, unpowered buildings, or Contaminate may cause inaccurate times.
  • Supply counts are checked every 10 seconds.